 Dungeon Crawl Stone Soup version 0.30-a0-23-ge60ba3568b (webtiles) character file.

Game seed: 7029611780918147374

53 QueenGhuleh the Chopper (level 3, -2/33 HPs)
             Began as a Minotaur Chaos Knight on Aug 24, 2022.
             Was a Plaything of Xom.
             Killed from afar by a steam dragon (15 damage)
             ... with a ball of steam
             ... on level 4 of the Dungeon on Aug 25, 2022.
             The game lasted 00:04:07 (1966 turns).

QueenGhuleh the Chopper (Minotaur Chaos Knight)     Turns: 1966, Time: 00:04:10

Health: -2/33      AC:  5    Str: 17 (18) XL:     3   Next: 64%
Magic:  2/2        EV: 11    Int:  9      God:    Xom [......]
Gold:   132        SH:  0    Dex: 15      Spells: 2/2 levels left

rFire   . . .      SeeInvis .    o - +0 war axe
rCold   . . .      Faith    .    (no shield)
rNeg    . . .      Spirit   .    p - +0 ring mail
rPois   .          Reflect  .    (helmet restricted)
rElec   .          Harm     .    (no cloak)
rCorr   .          Rampage  .    (no gloves)
Will    .....                    (no boots)
Stlth   +.........               (no amulet)
HPRegen 0.11/turn                f - +6 ring of dexterity
MPRegen 0.08/turn                (no ring)

@: no status effects
A: horns 2, retaliatory headbutt
a: Renounce Religion


You were on level 4 of the Dungeon.
You worshipped Xom.
You were a very special plaything of Xom.
You visited 1 branch of the dungeon, and saw 4 of its levels.

You collected 132 gold pieces.

Inventory:

Hand Weapons
 o - a +0 war axe (weapon)
Armour
 p - a +0 ring mail (worn)
Jewellery
 b - a ring of resist corrosion
 f - a +6 ring of dexterity (left hand)
Scrolls
 a - a scroll of silence {unknown}
 e - a scroll of teleportation {unknown}
 h - 2 scrolls of poison {unknown}
 j - 5 scrolls of identify {unknown}
 l - a scroll of enchant armour {unknown}
 n - a scroll of immolation {unknown}
Potions
 d - a potion of lignification {unknown}
 g - a potion of magic {unknown}
 i - a potion of curing {unknown}
 k - a potion of degeneration {unknown}
 m - a potion of attraction {unknown}
Miscellaneous
 c - a piece from Xom's chessboard (15/15) (quivered)


   Skills:
 + Level 4.2 Fighting
 + Level 4.7 Axes
 + Level 2.9 Armour
 + Level 1.3 Dodging
 + Level 0.2 Stealth


You had 2 spell levels left.
You didn't know any spells.
Your spell library contained the following spells:

 Spells                   Type           Power      Damage    Failure   Level
 Inner Flame              Hex/Fire       0%         N/A       91%         3
 Cause Fear               Hex            0%         N/A       100%        4
 Discord                  Hex            0%         N/A       100%        8


Dungeon Overview and Level Annotations

Branches:
Dungeon (4/15)
 Temple: D:4-7

Altars:

Shops:
D:1 ?

Annotations:
D:3 3 runed translucent doors, HypermagicGuardian's ghost, amateur SpBr


Innate Abilities, Weirdness & Mutations

You have a pair of horns on your head.
You reflexively headbutt those who attack you in melee.


Message History

You see here a ball python corpse.
There is an open door here.
There is an open door here.
You enter the shallow water.
Moving in this stuff is going to be slow.
The orc shouts! x3; You hear a shout! x2
Found a roughly hewn altar of Beogh.
The orc priest shouts!
You hear a shout!
HypermagicGuardian's ghost whispers something so quietly that you cannot hear it.
Could not explore, unopened runed door.
(D) Dungeon
Where to? (Enter - D:2, ? - help)
What level of the Dungeon? (default 1, ? - help)
There is an escape hatch in the ceiling here.
There is an open door here.
There is a stone staircase leading down here.
You climb downwards.
There is a stone staircase leading up here.
There is a stone staircase leading up here. "Where it stops, nobody knows!"
Your surroundings suddenly seem different.
Your surroundings suddenly seem different.
A gnoll and a steam dragon come into view.
Found 10 gold pieces and a spear.
The gnoll shouts!
The steam dragon hisses angrily.
The gnoll barely misses you. The steam dragon barely misses you.
You furiously retaliate!
You headbutt the steam dragon. The steam dragon barely misses you.
You barely miss the steam dragon.
The steam dragon is lightly wounded.
You hit the gnoll. The gnoll hits you with a +0 halberd!
The steam dragon barely misses you. The steam dragon closely misses you.
You barely miss the steam dragon.
You headbutt the steam dragon, but do no damage.
The steam dragon is lightly wounded.
You closely miss the gnoll. The gnoll hits you with a +0 halberd!
The steam dragon breathes steam at you. The ball of steam hits you!
You die...
Xom snickers!

#...# #...#
#...+ #...#
#...# #...#
#...# ########
#...####......#
+...##...@..#$#
#...##..gD.##
#...#.)....#
#........###
#########


You could see a steam dragon (catching breath) and a gnoll.

Vanquished Creatures
  A worm (D:3)
  5 orcs (D:3)
  5 endoplasms
  4 goblins
  4 hobgoblins
  2 quokkas (D:1)
  5 ball pythons
  2 bats (D:3)
  A frilled lizard (D:1)
  6 kobolds
  8 rats
43 creatures vanquished.

Notes
Turn   | Place    | Note
-------+----------+-------------------------------------------
     0 | D:1      | QueenGhuleh the Minotaur Chaos Knight began the quest for
                  | the Orb.
     0 | D:1      | Reached XP level 1. HP: 19/19 MP: 0/0
    21 | D:1      | XOM: silly message
    99 | D:1      | Found Miloripn's Magic Scroll Shoppe.
   171 | D:1      | Reached XP level 2. HP: 26/27 MP: 1/1
   335 | D:1      | XOM: silly message
   433 | D:1      | XOM: god gift: scroll labelled NORUUKKAZURPH {god gift}
   523 | D:1      | XOM: god gift: 6 stones
   571 | D:2      | You fall into a shaft and drop 1 floor!
   683 | D:3      | Reached XP level 3. HP: 21/33 MP: 2/2
   961 | D:3      | Identified the +0 short sword of Jocular Tenacity {holy,
                  | rN+}
   964 | D:3      | Found a runed translucent gate.
   965 | D:3      | Found a runed translucent gate.
   966 | D:3      | Found a runed translucent gate.
   966 | D:3      | Noticed HypermagicGuardian's ghost (amateur SpBr)
  1350 | D:3      | XOM: torment (18/33 hp)
  1406 | D:3      | XOM: stat loss: -1 Str (17/18)
  1507 | D:3      | Identified the +1 leather armour of the Equator {*Corrode
                  | Will+ Dex+4}
  1535 | D:3      | XOM: blink monster(s)
  1802 | D:3      | XOM: silly message
  1963 | D:4      | Noticed a steam dragon
  1963 | D:4      | XOM: 2-stop teleportation journey
  1966 | D:4      | Killed from afar by a steam dragon

Illustrated notes

Levels and vault maps discovered:
D:1:      wander_arrival_lonely_grave, layout_rooms, serial_shops, shop,
          hex_large, chequers_serial_rivers_micro_e,
          corexii_item_surrounded_by_moat
D:2:      layout_rooms, minmay_circle_x
D:3:      layout_loops_corners, biasface_ghost_orc_armoury, minivault_4
D:4:      minmay_opposing_rooms, layout_loops_ring, temple_green

Skill      XL: |  1  2 |
---------------+-------+-----
Fighting       | 4 |  4.2
Axes           | 4 |  4.7
Armour         | |  2.9
Dodging        | |  1.3
Stealth        | |  0.2

Action                   || total
-------------------------++-------
Melee: Hand axe          ||    50
       Headbutt          ||     9
       Punch             ||     2
       War axe           ||    37
Armor: Leather armour    ||    10
       Ring mail         ||    17
Dodge: Dodged            ||    51

Table legend: (Time is in decaauts)
 A = Elapsed time spent in this place.
 B = Non-inter-level travel time spent in this place.
 C = Inter-level travel time spent in this place.
 D = Time resting spent in this place.
 E = Time spent auto-exploring this place.
 F = Levels seen in this place.
 G = Mean time per level.
                   A        B        C        D        E       F      G
               +--------+--------+--------+--------+--------+-----+--------+
         Total |   1979 |   1939 |     40 |      0 |   1665 |   4 |  494.8 |
       Dungeon |   1979 |   1939 |     40 |      0 |   1665 |   4 |  494.8 |
               +--------+--------+--------+--------+--------+-----+--------+

Top non-repeatable levels by time:
     D:3: 1391 daAuts
     D:1: 574 daAuts
     D:4: 14 daAuts
